 Dungeon Crawl Stone Soup version 0.31-a0-986-g5e6e4ef867 (webtiles) character file.

Game seed: 11486287020876589677

4517 croobank the Martial Artist (level 10, -17/76 HPs)
             Began as a Gnoll Shapeshifter on Nov 21, 2023.
             Was an Initiate of Gozag.
             Demolished by a two-headed ogre
             ... wielding a +0 giant club
              (26 damage)
             ... on level 8 of the Dungeon.
             The game lasted 00:31:24 (8860 turns).

croobank the Martial Artist (Gnoll Shapeshifter)    Turns: 8860, Time: 00:31:24

Health: -17/76     AC:  8    Str: 13    XL:     10   Next: 39%
Magic:  0/18       EV: 13    Int: 16    God:    Gozag
Gold:   240        SH:  7    Dex: 13    Spells: 11/19 levels left

rFire   . . .        b - +13 consecrated labrys {holy, Valiant Fragile Fly SInv}
rCold   . . .        h - +2 buckler {reflect}
rNeg    + . .        e - +1 acid dragon scales
rPois   .            (helmet currently unavailable)
rElec   +            (cloak currently unavailable)
rCorr   +            (gloves currently unavailable)
SInv    +            (boots currently unavailable)
Will    +....        p - amulet "Niowiuq" {Spirit rElec rN+ Will+ Int+3}
Stlth   +++          (no ring)
HPRegen 0.32/turn    (no ring)
MPRegen 0.16/turn

%: reflection, guardian spirit
@: brilliant, beast-form, flying
A: beast (slay +4), fangs 1, strong nose, distributed training
a: Begin Untransformation, Renounce Religion, Potion Petition, Call Merchant,
Bribe Branch


You were on level 8 of the Dungeon.
You worshipped Gozag.
Gozag was aware of your devotion.
You were a hulking beast.
You visited 2 branches of the dungeon, and saw 9 of its levels.
You also visited: Bailey.

You collected 346 gold pieces.
You paid 106 gold pieces to Gozag.

Inventory:

Hand Weapons
 b - the +13 consecrated labrys (weapon) {holy, Valiant Fragile Fly SInv}
   (You acquired it in a bailey)

   Valiant:   It becomes more powerful as more dangerous foes come into view.
   SInv:      It lets you see invisible.
   Fly:       It grants you flight.
   Fragile:   It will be destroyed if unequipped.
 f - a +1 vampiric halberd
 l - a +6 quarterstaff
 o - a +0 long sword
 s - a +4 scimitar of flaming
 w - a +4 short sword
 A - a +0 scimitar
Missiles
 k - 4 datura-tipped darts (quivered)
 u - 24 poisoned darts
 x - a boomerang
Armour
 e - +1 acid dragon scales (worn)
 g - a +2 robe of cold resistance
 h - a +2 buckler of reflection (worn)
 i - a +1 ring mail
 j - a +2 robe of resistance
Magical Staves
 m - a staff of cold
Jewellery
 p - the amulet "Niowiuq" (around neck) {Spirit rElec rN+ Will+ Int+3}
   (You found it in a bailey)

   [amulet of guardian spirit]

   Spirit:    It causes incoming damage to be divided between your reserves of
   health and magic.
   Int+3:     It affects your intelligence (+3).
   rElec:     It insulates you from electricity.
   rN+:       It protects you from negative energy.
   Will+:     It increases your willpower.
Talismans
 c - a beast talisman (active)
 d - a flux talisman
 y - a blade talisman
Scrolls
 a - a scroll of noise
Potions
 n - a potion of resistance


   Skills:
 + Level 6.0 Fighting
 + Level 5.3 Short Blades
 + Level 5.3 Long Blades
 + Level 5.3 Axes
 + Level 5.3 Maces & Flails
 + Level 5.3 Polearms
 + Level 5.3 Staves
 + Level 5.3 Ranged Weapons
 + Level 5.3 Throwing
 + Level 5.3 Armour
 + Level 7.1 Dodging
 + Level 5.3 Stealth
 + Level 5.3 Shields
 + Level 8.5 Unarmed Combat
 + Level 5.3 Spellcasting
 + Level 4.4 Conjurations
 + Level 4.4 Hexes
 + Level 4.4 Summonings
 + Level 4.4 Necromancy
 + Level 4.4 Translocations
 + Level 4.4 Transmutations
 + Level 4.4 Fire Magic
 + Level 4.4 Ice Magic
 + Level 4.4 Air Magic
 + Level 4.4 Earth Magic
 + Level 4.4 Poison Magic
 + Level 5.8 Invocations
 + Level 5.3 Evocations
 + Level 8.2 Shapeshifting


You had 11 spell levels left.
You knew the following spells:

 Your Spells              Type           Power      Damage    Failure   Level
a - Scorch                Fire           54%        2d7       7%          2
b - Dazzling Flash        Conj/Hex       54%        N/A       13%         3
c - Mephitic Cloud        Conj/Pois/Air  27%        N/A       13%         3

Your spell library contained the following spells:

 Spells                   Type           Power      Damage    Failure   Level
 Poisonous Vapours        Pois/Air       54%        N/A       7%          2
 Volatile Blastmotes      Fire/Tloc      54%        2d14      13%         3
 Flame Wave               Conj/Fire      27%        2d9       41%         4
 Freezing Cloud           Conj/Ice/Air   13%        6-21      77%         5
 Starburst                Conj/Fire      13%        6d6       100%        6
 Summon Cactus Giant      Summ           13%        N/A       100%        6
 Maxwell's Capacitive Co  Air            13%        ∞         100%        8


Dungeon Overview and Level Annotations

Branches:
Dungeon (8/15)             Temple (1/1) D:7          Bailey (visited)
   Lair: D:8-11

Altars:
Ashenzari
Dithmenos
Elyvilon
Fedhas
Gozag
Hepliaklqana
Kikubaaqudgha
Makhleb
Nemelex Xobeh
Okawaru
Qazlal
Ru
Trog
Uskayaw
Vehumet
Wu Jian
Yredelemnul
Zin
The Shining One

Shops:
D:4 (   D:6 [

Annotations:
D:6 Grinder


Innate Abilities, Weirdness & Mutations

You are a hulking beast.
Your limbs bulge with bestial killing power. (Slay +4)
You have very sharp teeth.
Your uncanny sense of smell can sniff out nearby items.
Your experience applies equally to all skills.


Message History

The two-headed ogre completely misses you.
Okay, then.
Okay, then.
Okay, then.
Unknown command.
Unknown command.
Okay, then.
It was a potion of brilliance.
You feel clever all of a sudden.
Okay, then.
Cast which spell? (? or * to list)
Casting: Dazzling Flash (dangerous; 13% risk of failure)
Press: ? - help, Dir - look around, f - activate You feel a surge of power!
The two-headed ogre is dazzled.
The two-headed ogre hits you with a +0 giant club!
* * * LOW HITPOINT WARNING * * *
You block the two-headed ogre's attack.
Okay, then.
Okay, then.
Okay, then.
What are your orders? t - Bark!
Orders for allies: a - Attack new target. r - Retreat! s - Stop attacking. g - Guard the area. f - Follow me.
Anything else - Cancel.
Gang up on whom?
Press: ? - help, Dir - move target, f - two-headed ogre
Aim: a two-headed ogre, wielding two +0 giant clubs (moderately wounded, wandering, blind, hasn't noticed you)
Okay, then.
Unknown command.
The two-headed ogre is no longer blind.
Casting: Dazzling Flash (dangerous; 13% risk of failure)
Confirm with . or Enter, or press ? or * to list all spells.
Casting: Dazzling Flash (dangerous; 13% risk of failure)
Press: ? - help, Dir - look around, f - activate You feel a surge of power!
The two-headed ogre hits you with a +0 giant club!!
You die...
Your body crumbles into a pile of gold.

######### #.......# #####
#.#####.# ...# #.# ##.#
###.###.# #.. #########.#
........# #.# #.[<......# #
###.########.###.###########.##
#....§§.......hO.............
#....§≈≈§..PPPP.._..PPPP..≈≈≈
#.#..§.......................
#.########.###........#####.#
... #.# ########.# ...> #.# #.#
#... ∆ ... #.# ... #.# #.# #.#
#.#


You could see a two-headed ogre.

Vanquished Creatures
  Erica (D:8)
  A gargoyle (Bailey)
  A vampire (Bailey)
  An acid dragon (D:6)
  An orc warrior (D:7)
  4 sky beasts
  2 ogres
  A centaur (D:5)
  A kobold brigand (D:6)
  5 phantoms
  3 bullfrogs
  A gnoll sergeant (D:7)
  A wight (D:7)
  6 scorpions
  6 killer bees (D:7)
  4 howler monkeys
  9 vampire bats (Bailey)
  3 wolf zombies (Bailey)
  2 jellies
  4 hounds
  A gnoll bouda (D:6)
  An orc priest (D:4)
  Terence (D:2)
  An iguana (D:5)
  3 orc wizards
  7 gnolls
  8 adders
  A shadow imp (D:6)
  2 white imps
  5 ufetubi
  A worm (D:2)
  20 orcs
  5 ball pythons
  3 endoplasms
  3 giant cockroaches
  6 goblins
  4 hobgoblins
  4 jackals (D:2)
  5 kobolds
  3 quokkas
  2 bats
  A frilled lizard (D:2)
  19 orc zombies (Bailey)
  3 rats (D:1)
166 creatures vanquished.

Notes
Turn   | Place    | Note
-------+----------+-------------------------------------------
     0 | D:1      | croobank the Gnoll Shapeshifter began the quest for the
                  | Orb.
     0 | D:1      | Reached XP level 1. HP: 17/17 MP: 1/1
   166 | D:1      | You fall into a shaft and drop 1 floor!
   176 | D:2      | Reached XP level 2. HP: 13/23 MP: 2/2
   305 | D:2      | Noticed Terence
   317 | D:2      | Killed Terence
   318 | D:2      | Reached skill level 1 in Invocations
   318 | D:2      | Reached XP level 3. HP: 28/28 MP: 2/4
  1099 | D:2      | Reached skill level 1 in Short Blades
  1099 | D:2      | Reached skill level 1 in Long Blades
  1099 | D:2      | Reached skill level 1 in Axes
  1099 | D:2      | Reached skill level 1 in Maces & Flails
  1099 | D:2      | Reached skill level 1 in Polearms
  1099 | D:2      | Reached skill level 1 in Staves
  1099 | D:2      | Reached skill level 1 in Ranged Weapons
  1099 | D:2      | Reached skill level 1 in Throwing
  1099 | D:2      | Reached skill level 1 in Armour
  1099 | D:2      | Reached skill level 1 in Stealth
  1099 | D:2      | Reached skill level 1 in Shields
  1099 | D:2      | Reached skill level 1 in Spellcasting
  1099 | D:2      | Reached skill level 1 in Evocations
  1612 | D:2      | Reached XP level 4. HP: 34/34 MP: 5/5
  2060 | D:3      | Found a radiant altar of Vehumet.
  2061 | D:3      | Found a glowing silver altar of Zin.
  2064 | D:3      | Found an ancient bone altar of Kikubaaqudgha.
  2064 | D:3      | Found a hide-covered altar of Uskayaw.
  2389 | D:3      | Reached skill level 1 in Conjurations
  2389 | D:3      | Reached skill level 1 in Hexes
  2389 | D:3      | Reached skill level 1 in Summonings
  2389 | D:3      | Reached skill level 1 in Necromancy
  2389 | D:3      | Reached skill level 1 in Translocations
  2389 | D:3      | Reached skill level 1 in Transmutations
  2389 | D:3      | Reached skill level 1 in Fire Magic
  2389 | D:3      | Reached skill level 1 in Ice Magic
  2389 | D:3      | Reached skill level 1 in Air Magic
  2389 | D:3      | Reached skill level 1 in Earth Magic
  2389 | D:3      | Reached skill level 1 in Poison Magic
  2641 | D:4      | Reached XP level 5. HP: 27/40 MP: 5/7
  2783 | D:4      | Found Vied's Weapon Shop.
  2799 | D:4      | Noticed an ogre
  2812 | D:4      | Killed an ogre
  2813 | D:4      | Reached XP level 6. HP: 47/47 MP: 8/8
  3014 | D:4      | Reached skill level 5 in Dodging
  3223 | D:4      | Reached XP level 7. HP: 45/52 MP: 10/10
  3581 | D:5      | Entered Level 5 of the Dungeon
  4157 | D:5      | Reached XP level 8. HP: 24/60 MP: 12/12
  5311 | D:6      | Found Quxzoowo's Armour Shoppe.
  5478 | D:6      | Reached XP level 9. HP: 19/66 MP: 14/14
  5619 | D:6      | Noticed Grinder
  5817 | D:6      | Learned a level 2 spell: Scorch
  5821 | D:6      | Learned a level 3 spell: Dazzling Flash
  5825 | D:6      | Learned a level 3 spell: Mephitic Cloud
  6092 | D:7      | Found a flagged portal.
  6213 | Bailey   | Entered a bailey
  6467 | Bailey   | Reached skill level 5 in Fighting
  6564 | Bailey   | Identified the amulet "Niowiuq" {Spirit rElec rN+ Will+
                  | Int+3}
  6614 | Bailey   | Noticed a gargoyle
  6635 | Bailey   | Killed a gargoyle
  6887 | Bailey   | Identified a scroll of acquirement
  6887 | Bailey   | Identified the "Koifroam" (You acquired it in a bailey)
  6887 | Bailey   | Acquired the +4 consecrated labrys {holy, Valiant Fragile
                  | Fly SInv}
  6887 | Bailey   | Found the +4 consecrated labrys {holy, Valiant Fragile Fly
                  | SInv}
  6910 | Bailey   | Reached skill level 5 in Invocations
  7344 | D:7      | Reached XP level 10. HP: 54/75 MP: 12/17
  7597 | D:7      | Reached skill level 5 in Short Blades
  7597 | D:7      | Reached skill level 5 in Long Blades
  7597 | D:7      | Reached skill level 5 in Axes
  7597 | D:7      | Reached skill level 5 in Maces & Flails
  7597 | D:7      | Reached skill level 5 in Polearms
  7597 | D:7      | Reached skill level 5 in Staves
  7597 | D:7      | Reached skill level 5 in Ranged Weapons
  7597 | D:7      | Reached skill level 5 in Throwing
  7597 | D:7      | Reached skill level 5 in Armour
  7597 | D:7      | Reached skill level 5 in Stealth
  7597 | D:7      | Reached skill level 5 in Shields
  7597 | D:7      | Reached skill level 5 in Spellcasting
  7597 | D:7      | Reached skill level 5 in Evocations
  7689 | D:7      | Found a bloodstained altar of Trog.
  8231 | D:7      | Found a staircase to the Ecumenical Temple.
  8426 | Temple   | Entered the Ecumenical Temple
  8457 | Temple   | Became a worshipper of Gozag Ym Sagoz the Greedy
  8516 | D:8      | Noticed Erica
  8537 | D:8      | Killed Erica
  8540 | D:7      | HP: 5/114 [poisoned by Erica (bolt of poison)]
  8541 | D:7      | HP: 2/76 [poisoned by Erica (bolt of poison)]
  8814 | D:8      | Found a blossoming altar of Fedhas.
  8843 | D:8      | Noticed a two-headed ogre
  8860 | D:8      | Demolished by a two-headed ogre

Illustrated notes

Levels and vault maps discovered:
D:1:      kilobyte_arrival_exit_the_forest, layout_basic, minivault_24,
          chequers_serial_rivers_small_b
D:2:      layout_basic, uniq_terence
D:3:      layout_loops_cross, grunt_temple_overflow_open
D:4:      layout_basic, serial_shops, shop
D:5:      layout_basic, minivault_5, kennysheep_boxes
D:6:      layout_loops_ring, serial_shops, nicolae_shop_back_alley_shop,
          minmay_divided_ellipse, uniq_grinder
D:7:      minmay_inner_zag, layout_basic, kennysheep_mini,
          minmay_temple_entry_poolview, enter_bailey_4
D:8:      layout_loops_ring, mainiacjoe_overflow_cross_hatched,
          mainiacjoe_overflow_boulevard, mainiacjoe_overflow_alcove_1,
          uniq_erica, uniq_pikel
Temple:   hellmonk_temple_forest_ring

Skill      XL: |  1  2  3  4  5  6  7  8  9 10 |
---------------+-------------------------------+-----
Invocations    | 1 2 3 4 5 |  5.8
Short Blades   | 1 2 3 4 5 |  5.3
Long Blades    | 1 2 3 4 5 |  5.3
Axes           | 1 2 3 4 5 |  5.3
Maces & Flails | 1 2 3 4 5 |  5.3
Polearms       | 1 2 3 4 5 |  5.3
Staves         | 1 2 3 4 5 |  5.3
Ranged Weapons | 1 2 3 4 5 |  5.3
Throwing       | 1 2 3 4 5 |  5.3
Armour         | 1 2 3 4 5 |  5.3
Stealth        | 1 2 3 4 5 |  5.3
Shields        | 1 2 3 4 5 |  5.3
Spellcasting   | 1 2 3 4 5 |  5.3
Evocations     | 1 2 3 4 5 |  5.3
Conjurations   | 1 2 3 4 |  4.4
Hexes          | 1 2 3 4 |  4.4
Summonings     | 1 2 3 4 |  4.4
Necromancy     | 1 2 3 4 |  4.4
Translocations | 1 2 3 4 |  4.4
Transmutations | 1 2 3 4 |  4.4
Fire Magic     | 1 2 3 4 |  4.4
Ice Magic      | 1 2 3 4 |  4.4
Air Magic      | 1 2 3 4 |  4.4
Earth Magic    | 1 2 3 4 |  4.4
Poison Magic   | 1 2 3 4 |  4.4
Fighting       | 3 4 5 6 |  6.0
Dodging        | 5 6 7 |  7.1
Unarmed Combat | 7 8 |  8.5
Shapeshifting  | 7 8 |  8.2

Action                     |  1- 3 |  4- 6 |  7- 9 | 10-12 || total
---------------------------+-------+-------+-------+-------++-------
  Melee: Unarmed           |    49 |    77 |   263 |       ||   389
         Bite              |     2 |     6 |    34 |     7 ||    49
         Punch             |       |     2 |    19 |       ||    21
         Labrys            |       |       |    38 |    63 ||   101
  Throw: Throwing net      |       |     1 |       |       ||     1
   Cast: Scorch            |       |       |     8 |       ||     8
         Dazzling Flash    |       |       |     2 |     2 ||     4
         Mephitic Cloud    |       |       |     2 |       ||     2
  Evoke: Wand              |       |     1 |     7 |     3 ||    11
    Use: Potion            |     1 |     2 |     8 |     4 ||    15
         Scroll            |       |       |    15 |     2 ||    17
   Stab: Sleeping          |     1 |     2 |     7 |     1 ||    11
         Held in net/web   |       |     1 |       |       ||     1
         Confused          |       |       |     1 |       ||     1
         Invisible         |       |       |     1 |       ||     1
         Paralysed         |       |       |       |     1 ||     1
 Armour: Animal skin       |    14 |    25 |       |       ||    39
         Skin              |    15 |       |       |       ||    15
         Robe              |       |    10 |    73 |       ||    83
         Acid dragon scale |       |       |   176 |    49 ||   225
  Dodge: Dodged            |    15 |    39 |   232 |    47 ||   333
  Block: Buckler           |       |       |    16 |    34 ||    50
   Form: Beast             |       |       |     1 |       ||     1
         Flux              |       |       |     1 |       ||     1

Table legend: (Time is in decaauts)
 A = Elapsed time spent in this place.
 B = Non-inter-level travel time spent in this place.
 C = Inter-level travel time spent in this place.
 D = Time resting spent in this place.
 E = Time spent auto-exploring this place.
 F = Levels seen in this place.
 G = Mean time per level.
                   A        B        C        D        E       F      G
               +--------+--------+--------+--------+--------+-----+--------+
         Total |   8878 |   8536 |    342 |   2183 |   4699 |  10 |  887.8 |
       Dungeon |   8022 |   7716 |    306 |   1891 |   4570 |   8 | 1002.8 |
        Temple |     46 |     11 |     35 |      0 |      0 |   1 |   46.0 |
        Bailey |    808 |    808 |      0 |    291 |    129 |   1 |  808.0 |
               +--------+--------+--------+--------+--------+-----+--------+

Top non-repeatable levels by time:
     D:7: 1966 daAuts
     D:4: 1297 daAuts
     D:5: 1125 daAuts
     D:6: 1041 daAuts
     D:2: 982 daAuts
  Bailey: 808 daAuts
     D:1: 802 daAuts
     D:3: 627 daAuts
     D:8: 179 daAuts
  Temple: 46 daAuts
